 Dungeon Crawl Stone Soup version 0.29-a0-333-gb4c28e87c6 (webtiles) character file.

Game seed: 17590568591468284460

162 Jortsu the Shield-Bearer (level 5, -1/41 HPs)
             Began as a Demonspawn Fighter on Apr 13, 2022.
             Slain by a gnoll
             ... wielding a +0 halberd
              (4 damage)
             ... on level 3 of the Dungeon.
             The game lasted 00:02:32 (2262 turns).

Jortsu the Shield-Bearer (Demonspawn Fighter)       Turns: 2262, Time: 00:02:33

Health: -1/41      AC: 10    Str: 18    XL:     5   Next: 19%
Magic:  5/5        EV:  7    Int:  9    God:
Gold:   119        SH:  9    Dex: 13    Spells: 4/4 levels left

rFire   . . .      SeeInvis .   a - +0 war axe
rCold   . . .      Faith    .   c - +0 buckler
rNeg    . . .      Spirit   .   j - +0 chain mail
rPois   .          Reflect  .   h - +0 helmet
rElec   .          Harm     .   (no cloak)
rCorr   .          Rampage  .   (no gloves)
Will    .....                   (no boots)
Stlth   ..........              (no amulet)
HPRegen 0.13/turn               (no ring)
MPRegen 0.09/turn               (no ring)

@: no status effects
A: condensation shield, weakness stinger 1
a: no special abilities


You were on level 3 of the Dungeon.
You visited 1 branch of the dungeon, and saw 3 of its levels.

You collected 119 gold pieces.

Inventory:

Hand Weapons
 a - a +0 war axe (weapon)
Armour
 c - a +0 buckler (worn)
 h - a +0 helmet (worn)
 j - a +0 chain mail (worn)
Scrolls
 b - a scroll of magic mapping
 k - a scroll of fear {unknown}
 l - a scroll of fog {unknown}
Potions
 d - 2 potions of might
 e - a potion of haste {unknown}
 f - 3 potions of curing
 g - 2 potions of heal wounds
 i - a potion of invisibility


   Skills:
 + Level 3.6 Fighting
 + Level 3.0 Axes
 + Level 3.4 Armour
 + Level 0.6 Dodging
 + Level 0.2 Stealth
 + Level 3.6 Shields


You had 4 spell levels left.
You didn't know any spells.
Your spell library contained the following spells:

 Spells                   Type           Power      Damage    Failure   Level
 Ensorcelled Hibernation  Hex/Ice        0%         N/A       100%        2
 Passwall                 Tmut/Erth      0%         N/A       100%        2
 Swiftness                Air            0%         N/A       100%        3


Dungeon Overview and Level Annotations

Branches:
Dungeon (3/15)

Altars:


Innate Abilities, Weirdness & Mutations

A meltable shield of frost defends you. (SH +4)
You have a small tail.


Message History

You open the door.
There is an open door here.
You now have 119 gold pieces (gained 6).
A ball python comes into view.
The ball python hisses angrily.
You hear a shout!
A kobold comes into view. It is wielding a +0 dagger.
A gnoll comes into view. It is wielding a +0 flail.
A gnoll comes into view. It is wielding a +0 spear.
The gnoll shouts!
You slash the ball python!
You kill the ball python!
A gnoll comes into view. It is wielding a +0 halberd.
A gnoll comes into view. It is wielding a +0 whip.
The gnoll moves out of view.
Your Axes skill increases to level 3!
An endoplasm comes into view.
Found a garnet ring.
The kobold attacks as you move away! The kobold hits you but does no damage.
You slash the kobold!
You kill the kobold!
You barely miss the gnoll. The gnoll closely misses you.
The gnoll hits you with a +0 flail.
The gnoll hits you from afar with a +0 halberd!
The gnoll hits you with a +0 flail! You block the gnoll's attack.
You barely miss the gnoll. The gnoll hits you but does no damage.
The gnoll hits you from afar with a +0 spear.
You block the gnoll's attack. The gnoll attacks as you move away!
The gnoll hits you with a +0 flail!
* * * LOW HITPOINT WARNING * * *
You hit the gnoll but do no damage.
You tail-slap the gnoll, but do no damage.
The gnoll hits you from afar with a +0 halberd!
* * * LOW HITPOINT WARNING * * *
You block the gnoll's attack.
You hit the gnoll.
You tail-slap the gnoll, but do no damage.
The gnoll is lightly wounded.
You block the gnoll's attack.
The gnoll hits you from afar with a +0 halberd.
You die...

#...............#
###'#..##.
#################
#...#...#. #.####..#.
#.##....## .
#############.#.....#
..####.....#....##.#..#..#
=.......##.#....##.#...<.#
^......g##g#....##...##.##
......gJg.@.....#######.#
....##+####..........##.###
. #....#.###.##....
#...........'....
#.#.......###†...
#.#....##.# #....
#...#.###.# #.... #####..
..# #.... #. ## #....


You could see 4 gnolls and an endoplasm.

Vanquished Creatures
  Terence (D:2)
  Natasha (thrice) (D:2)
  3 dart slugs
  3 ball pythons
  2 endoplasms
  3 giant cockroaches (D:1)
  10 hobgoblins
  5 kobolds
  A quokka (D:1)
  6 bats
  2 frilled lizards (D:1)
  7 goblins
  10 rats
56 creatures vanquished.

Notes
Turn   | Place    | Note
-------+----------+-------------------------------------------
     0 | D:1      | Jortsu the Demonspawn Fighter began the quest for the Orb.
     0 | D:1      | Reached XP level 1. HP: 18/18 MP: 1/1
   308 | D:1      | Gained mutation: A meltable shield of frost defends you.
                  | (SH +4) [demonic ancestry]
   308 | D:1      | Reached XP level 2. HP: 24/24 MP: 2/2
   672 | D:1      | Gained mutation: You have a small tail. [demonic ancestry]
   672 | D:1      | Reached XP level 3. HP: 27/29 MP: 3/3
  1275 | D:2      | Noticed Natasha
  1282 | D:2      | Killed Natasha
  1337 | D:2      | Noticed Natasha
  1344 | D:2      | Killed Natasha
  1345 | D:2      | Reached XP level 4. HP: 28/35 MP: 4/4
  1530 | D:2      | Noticed Terence
  1550 | D:2      | Killed Terence
  1711 | D:2      | Noticed Natasha
  1716 | D:2      | Killed Natasha
  1717 | D:2      | Reached XP level 5. HP: 41/41 MP: 5/5
  2262 | D:3      | Slain by a gnoll

Illustrated notes

Levels and vault maps discovered:
D:1:      roderic_octagonal_star, layout_loops_ring
D:2:      layout_basic, grunt_ministairs_9, feat_on_display, uniq_terence,
          uniq_natasha
D:3:      layout_basic, lemuel_doored_altar

Skill      XL: |  1  2  3  4  5 |
---------------+----------------+-----
Axes           | 2 3 |  3.0
Armour         | 3 |  3.4
Shields        | 3 |  3.6
Fighting       | |  3.6
Dodging        | |  0.6
Stealth        | |  0.2

Action                   |  1- 3 |  4- 6 || total
-------------------------+-------+-------++-------
Melee: War axe           |    75 |    54 ||   129
       Tailslap          |     3 |     3 ||     6
  Use: Scroll            |     3 |     3 ||     6
Armor: Scale mail        |    63 |       ||    63
       Chain mail        |     3 |    26 ||    29
Dodge: Dodged            |    50 |     9 ||    59
Block: Buckler           |    42 |    32 ||    74

Table legend: (Time is in decaauts)
 A = Elapsed time spent in this place.
 B = Non-inter-level travel time spent in this place.
 C = Inter-level travel time spent in this place.
 D = Time resting spent in this place.
 E = Time spent auto-exploring this place.
 F = Levels seen in this place.
 G = Mean time per level.
                   A        B        C        D        E       F      G
               +--------+--------+--------+--------+--------+-----+--------+
         Total |   2315 |   2260 |     55 |    255 |   1565 |   3 |  771.7 |
       Dungeon |   2315 |   2260 |     55 |    255 |   1565 |   3 |  771.7 |
               +--------+--------+--------+--------+--------+-----+--------+

Top non-repeatable levels by time:
     D:1: 1207 daAuts
     D:2: 750 daAuts
     D:3: 357 daAuts
